 Dungeon Crawl Stone Soup version 0.22.0 (webtiles) character file.

26 Inarius the Digger (level 3, -4/20 HPs)
             Began as a Gargoyle Earth Elementalist on Aug 11, 2018.
             Killed by divine providence
             ... invoked by an orc priest
              (13 damage)
             ... on level 2 of the Dungeon.
             The game lasted 00:02:52 (1161 turns).

Inarius the Digger (Gargoyle Earth Elementalist)    Turns: 1161, Time: 00:02:53

Health: -4/20      AC:  6    Str: 11    XL:     3   Next: 8%
Magic:  6/6        EV: 11    Int: 16    God:
Gold:   110        SH:  0    Dex: 10    Spells: 2/6 levels left

rFire    . . .     SeeInvis .   p - -1 war axe (curse)
rCold    . . .     Gourm    .   (no shield)
rNeg     + . .     Faith    .   q - +0 leather armour
rPois    ∞         Spirit   .   (no helmet)
rElec    +         Reflect  .   (no cloak)
rCorr    .         Harm     .   (no gloves)
MR       .....                  (no boots)
Stlth    ++........             (no amulet)
HPRegen  0.06/turn              (no ring)
MPRegen  0.10/turn              (no ring)

@: no status effects
A: negative energy resistance 1, electricity resistance, unbreathing,
petrification resistance, rot immunity, AC +3
a: no special abilities


You were on level 2 of the Dungeon.
You were not hungry.

You visited 1 branch of the dungeon, and saw 3 of its levels.

You collected 110 gold pieces.

Inventory:

Hand Weapons
 e - a +0 mace
 p - a cursed -1 war axe (weapon)
Missiles
 b - 25 stones (quivered)
 l - 5 tomahawks
Armour
 k - a cursed +0 scale mail
 q - a +0 leather armour (worn)
Scrolls
 a - 2 scrolls of identify {unknown}
 g - a scroll of fear {unknown}
 j - a scroll of magic mapping {unknown}
 o - a scroll of immolation {unknown}
 r - a scroll of blinking {unknown}
Potions
 c - a potion of mutation {unknown}
 h - a potion of flight {unknown}
 i - a potion of curing {unknown}
 m - a potion of heal wounds {unknown}
 n - a potion of magic {unknown}
Comestibles
 d - 7 rations


   Skills:
 * Level 0.5 Fighting
 - Level 1.8 Dodging
 - Level 2.1 Stealth
 + Level 2.1 Spellcasting
   Level 0.7 Transmutations
 * Level 4.5 Earth Magic


You had 2 spell levels left.
You knew the following spells:

 Your Spells              Type           Power        Failure   Level  Hunger
a - Sandblast             Erth           ###...       4%          1    #......
b - Stone Arrow           Conj/Erth      #.....       32%         3    ###....

Your spell library contained the following spells:

 Spells                   Type           Power        Failure   Level  Hunger
 Passwall                 Tmut/Erth      ##......     14%         2    ###....
 Lee's Rapid Deconstruct  Erth           ###.......   75%         5    ######.
 Petrify                  Tmut/Erth      ##......     65%         4    #####..


Dungeon Overview and Level Annotations

Branches:
Dungeon (3/15)

Altars:
Gozag
The Shining One


Innate Abilities, Weirdness & Mutations

You are resistant to torment.
Your stone body is resilient. (AC +3)
You are immune to poison.
You resist negative energy. (rN+)
You are resistant to electric shocks. (rElec)
You can survive without breathing.
You are immune to petrification.
You are immune to rotting.


Message History

You finish memorising.
Spell assigned to 'b'.
There is a stone staircase leading down here.
You climb downwards.
The orc shouts!
The ooze quivers.
The orc priest calls down the wrath of Beogh upon you.
Beogh smites you!
There is a stone staircase leading up here.
Unknown command.
The orc priest misses you.
You climb upwards.
There is a stone staircase leading down here.
You barely miss the orc priest.
The orc priest calls down the wrath of Beogh upon you.
Pain shoots through your body!
You closely miss the orc priest.
The orc priest mumbles some strange prayers to Beogh against you.
Beogh smites you!
Ouch! That really hurt!
You die...

.....####......#
....####..######
...## #..## ####
#.## ##### ##.#
##...##
##..###.....##
####..###.......#
##....## #......o#
##.#### #......@#
......# ##......##
......###........#
......##.........#
......##.........#
......##........##
......##.......##
#..####...>...##
##.###........#


You could see an orc priest.

Vanquished Creatures
  An adder (D:2)
  3 giant cockroaches
  2 goblins
  A ball python (D:1)
  3 bats (D:1)
  3 frilled lizards (D:2)
  2 kobolds
  4 rats
19 creatures vanquished.

Notes
Turn   | Place    | Note
-------+----------+-------------------------------------------
     0 | D:1      | Inarius the Gargoyle Earth Elementalist began the quest for the Orb.
     0 | D:1      | Reached XP level 1. HP: 10/10 MP: 3/3
   121 | D:1      | Reached skill level 4 in Earth Magic
   254 | D:1      | Reached XP level 2. HP: 14/15 MP: 5/5
   782 | D:2      | Reached XP level 3. HP: 20/20 MP: 3/6
   888 | D:2      | Found a glowing golden altar of the Shining One.
   987 | D:2      | Found an opulent altar of Gozag.
  1154 | D:2      | Learned a level 3 spell: Stone Arrow
  1161 | D:2      | Killed from afar by an orc priest

Skill      XL: |  1 |
---------------+----+-----
Earth Magic    | 4 |  4.5
Fighting       | |  0.5
Dodging        | |  1.8
Stealth        | |  2.1
Spellcasting   | |  2.1
Transmutations | |  0.7

Action                   || total
-------------------------++-------
Melee: Mace              ||    39
       Unarmed           ||     7
       War axe           ||    13
 Cast: Sandblast         ||     5
 Stab: Sleeping          ||     3
  Eat: Chunk             ||     1
Armor: Robe              ||    18
       Leather armour    ||     6
Dodge: Dodged            ||    31
